 Dungeon Crawl Stone Soup version 0.30.1-9-gdf580d7c3d (webtiles) character file.

Game seed: 15565421194060674750

44 eliilek the Shield-Bearer (level 3, 0/33 HPs)
             Began as a Minotaur Fighter on Oct 1, 2023.
             Slain by a scorpion (2 damage)
             ... on level 2 of the Dungeon.
             The game lasted 00:05:51 (1357 turns).

eliilek the Shield-Bearer (Minotaur Fighter)        Turns: 1357, Time: 00:05:51

Health: 0/33       AC:  7    Str: 20    XL:     3   Next: 39%
Magic:  2/2        EV:  9    Int:  5    God:
Gold:   40         SH:  4    Dex: 11    Spells: 2/2 levels left

rFire   . . .        a - +0 flail
rCold   . . .        c - +0 buckler
rNeg    . . .        b - +0 scale mail
rPois   .            (helmet restricted)
rElec   .            (no cloak)
rCorr   .            (no gloves)
SInv    .            (no boots)
Will    .....        (no amulet) Stlth
                     (no ring)
HPRegen 0.25/turn    (no ring)
MPRegen 0.08/turn

%: no passive effects
@: lethally poisoned (0 -> -7)
A: horns 2, retaliatory headbutt
a: no special abilities


You were on level 2 of the Dungeon.
You visited 1 branch of the dungeon, and saw 2 of its levels.

You collected 40 gold pieces.

Inventory:

Hand Weapons
 a - a +0 flail (weapon)
Armour
 b - a +0 scale mail (worn)
 c - a +0 buckler (worn)
Scrolls
 e - a scroll of silence {unknown}
 h - 2 scrolls of blinking
 i - a scroll of teleportation {unknown}
 j - a scroll of noise
Potions
 d - a potion of berserk rage {unknown}
 f - a potion of resistance {unknown}
 g - a potion of brilliance {unknown}


   Skills:
 + Level 4.1 Fighting
 * Level 3.2 Maces & Flails
 + Level 3.9 Armour
 * Level 4.3 Shields


You had 2 spell levels left.
You didn't know any spells.
Your spell library contained the following spells:

 Spells                   Type           Power      Damage    Failure   Level
 Slow                     Hex            0%         N/A       88%         1
 Confusing Touch          Hex            0%         N/A       99%         3
 Vampiric Draining        Necr           0%         2d6       99%         3


Dungeon Overview and Level Annotations

Branches:
Dungeon (2/15)

Altars:


Innate Abilities, Weirdness & Mutations

You have a pair of horns on your head.
You reflexively headbutt those who attack you in melee.


Message History

Blink to where?
Press: ? - help, Dir - move target
As you read the scroll labelled PAWEGG DEATE, it crumbles to dust.
It was a scroll of blinking.
Okay, then.
As you read the scroll labelled AWKEON UMEMEI, it crumbles to dust.
You hear a loud clanging noise!
It was a scroll of noise.
You hear an angry hiss.
You hear a shout!
You barely miss the scorpion. The scorpion stings you.
You are poisoned.
The scorpion poisons you!
You hit the scorpion but do no damage.
You feel very sick.
The scorpion stings you but does no damage.
You block the scorpion's attack.
You hit the scorpion but do no damage.
You feel sick. You block the scorpion's attack.
You closely miss the scorpion.
You feel very sick. The scorpion stings you.
The scorpion stings you but does no damage.
You barely miss the scorpion. You headbutt the scorpion.
The scorpion is moderately wounded.
You feel sick.
The scorpion stings you but does no damage.
You sock the scorpion!
The scorpion is severely wounded.
You feel sick. The scorpion stings you.
You are lethally poisoned!
The scorpion poisons you! The scorpion stings you.
* * * LOW HITPOINT WARNING * * *
* * * LOW HITPOINT WARNING * * *
You feel very sick.
Things that are here:
a +0 club; a goblin corpse
* * * LOW HITPOINT WARNING * * *
You feel very sick. The scorpion attacks as you move away!
The scorpion stings you.
You die...

#######.####.......####
.......................
........####.####..##.#
############.#.........
#....#.#.##.#..##
#.##.#)#.##<..... ########
#.##.....##......
#......#####.####.##########
#.........s@.# #...#
#.......###### #.........
...# #.......# #.........
!..# #.......#### ..........
..=# #..........#
.#......... ...#
#..........# ............
...# ####.......# .#
#......... ... #.......##.
.......... ..## #.......#


You could see a scorpion.

Vanquished Creatures
  3 ball pythons
  A bat (D:1)
  3 endoplasms
  A giant cockroach (D:1)
  7 goblins
  2 hobgoblins (D:1)
  6 jackals (D:1)
  A quokka (D:2)
  4 frilled lizards (D:1)
  7 kobolds (D:1)
  2 rats (D:1)
37 creatures vanquished.

Notes
Turn   | Place    | Note
-------+----------+-------------------------------------------
     0 | D:1      | eliilek the Minotaur Fighter began the quest for the Orb.
     0 | D:1      | Reached XP level 1. HP: 19/19 MP: 0/0
   351 | D:1      | Reached XP level 2. HP: 27/27 MP: 1/1
   670 | D:1      | Reached XP level 3. HP: 24/33 MP: 2/2
   730 | D:1      | Found a faded altar of an unknown god.
  1329 | D:2      | Noticed a scorpion
  1357 | D:2      | Slain by a scorpion

Illustrated notes

Levels and vault maps discovered:
D:1:      lemuel_arrival_hallway, layout_basic,
          shapermc_ecumenical_altar_flowoftime, lexackson_kobold_supper
D:2:      layout_basic, hex_medium

Skill      XL: |  1  2 |
---------------+-------+-----
Shields        | 4 |  4.3
Fighting       | 4 |  4.1
Maces & Flails | 3 |  3.2
Armour         | |  3.9

Action                     || total
---------------------------++-------
  Melee: Flail             ||   201
         Headbutt          ||    54
    Use: Potion            ||     1
         Scroll            ||     2
 Armour: Scale mail        ||    39
  Dodge: Dodged            ||    40
  Block: Buckler           ||    22
